 Dungeon Crawl Stone Soup version 0.25.0-9-g26727b657a (webtiles) character file.

Game seed: 2760579749322608220

31322 Dirian the Fencer (level 13, 0/116 (117) HPs)
             Began as a Minotaur Fighter on June 18, 2020.
             Was the Champion of Zin.
             Slain by a polar bear (5 damage)
             ... while petrified by a basilisk
             ... on level 4 of the Lair of Beasts.
             The game lasted 00:37:21 (19091 turns).

Dirian the Fencer (Minotaur Fighter)               Turns: 19091, Time: 00:37:21

HP:   0/116 (117)   AC: 22    Str: 25    XL:     13   Next: 25%
MP:   20/20         EV:  2    Int: 11    God:    Zin [******]
Gold: 1226          SH:  0    Dex: 11    Spells: 12/12 levels left

rFire    + + +     SeeInvis .   a - +1 long sword (flame)
rCold    . . .     Gourm    .   c - +1 kite shield
rNeg     + + +     Faith    .   u - +2 fire dragon scales
rPois    ∞         Spirit   .   F - +2 hat
rElec    .         Reflect  +   E - scarf {rC+ rF+}
rCorr    .         Harm     .   j - +0 pair of gloves
MR       .....                  o - +0 pair of boots
Stlth    ..........             p - amulet of reflection
HPRegen  0.29/turn              l - +4 ring of protection
MPRegen  0.17/turn              y - +6 ring of intelligence

@: petrified, marked
A: retaliatory headbutt, horns 2
a: Recite, Vitalisation, Imprison, Sanctuary, Donate Gold, Renounce Religion


You were on level 4 of the Lair of Beasts.
You worshipped Zin.
Zin was exalted by your worship.
You were not hungry.

You visited 3 branches of the dungeon, and saw 18 of its levels.
You also visited: Bailey.

You collected 1361 gold pieces.
You donated 135 gold pieces to Zin.

Inventory:

Hand Weapons
 a - a +1 long sword of flaming (weapon)
Armour
 c - a +1 kite shield (worn)
 i - the cursed +0 tower shield of Conscience {Dex+5}
   (You took it off an orc in a bailey)

   It affects your dexterity (+5).
   It has a curse placed upon it.
 j - a +0 pair of gloves (worn)
 o - a +0 pair of boots (worn)
 u - +2 fire dragon scales (worn)
 C - a +3 plate armour
 E - a scarf of resistance (worn)
 F - a +2 hat (worn)
Jewellery
 k - an uncursed amulet of the acrobat
 l - a +4 ring of protection (left hand)
 m - an uncursed ring of protection from fire
 p - an amulet of reflection (around neck)
 y - a +6 ring of intelligence (right hand)
 H - an uncursed ring of ice
Wands
 b - a wand of enslavement (8)
 g - a wand of paralysis (19)
 v - a wand of digging (6)
 B - a wand of iceblast (35)
Scrolls
 n - 4 scrolls of magic mapping
 r - a scroll of identify
 t - a scroll of teleportation
 x - 13 scrolls of remove curse
 z - 2 scrolls of blinking
 A - 3 scrolls of immolation
 G - a scroll of enchant armour
 K - a scroll of vulnerability {unknown}
Potions
 d - a potion of might
 f - a potion of flight
 h - 3 potions of haste
 q - 5 potions of curing
 s - a potion of ambrosia
 w - 3 potions of heal wounds
 D - a potion of berserk rage
 I - a potion of cancellation {unknown}
 J - 3 potions of invisibility
Comestibles
 e - 28 rations


   Skills:
 + Level 11.9 Fighting
 - Level 16.0 Long Blades
 + Level 9.5 Armour
 + Level 9.9 Shields
 * Level 11.1 Invocations


You had 12 spell levels left.
You didn't know any spells.
Your spell library contained the following spells:

 Spells                   Type           Power        Failure   Level  Hunger
 Infusion                 Chrm           #...         86%         1    ##.....
 Magic Dart               Conj           #...         86%         1    ##.....
 Sting                    Tmut/Pois      #...         86%         1    ##.....
 Summon Small Mammal      Summ           #...         86%         1    ##.....
 Blink                    Tloc           N/A          94%         2    ###....
 Call Imp                 Summ           #.......     94%         2    ###....
 Poisonous Vapours        Pois/Air       #.....       94%         2    ###....
 Shroud of Golubria       Chrm/Tloc      #.....       94%         2    ###....
 Slow                     Hex            #.......     94%         2    ###....
 Song of Slaying          Chrm           #.......     94%         2    ###....
 Call Canine Familiar     Summ           #.......     99%         3    ####...
 Conjure Flame            Conj/Fire      #.......     99%         3    ####...
 Ignite Poison            Fire/Tmut/Pois #.......     99%         3    ####...
 Mephitic Cloud           Conj/Pois/Air  #.......     99%         3    ####...
 Ozocubu's Armour         Chrm/Ice       #.......     99%         3    ####...
 Spectral Weapon          Hex/Chrm       #.......     99%         3    ####...
 Summon Guardian Golem    Hex/Summ       #.......     99%         3    ####...
 Olgreb's Toxic Radiance  Pois           #.......     100%        4    #####..
 Summon Ice Beast         Ice/Summ       #.......     100%        4    #####..
 Summon Lightning Spire   Summ/Air       #.......     100%        4    #####..
 Bolt of Magma            Conj/Fire/Erth #.........   100%        5    ######.
 Iskenderun's Battlesphe  Conj/Chrm      #.......     100%        5    ######.
 Iron Shot                Conj/Erth      #.........   100%        6    #######
 Orb of Destruction       Conj           #.........   100%        7    #######
 Spellforged Servitor     Conj/Summ      #.........   100%        7    #######


Dungeon Overview and Level Annotations

Branches:
Dungeon (12/15)            Temple (1/1) D:5            Lair (5/6) D:10
  Swamp (0/4) Lair:3       Spider (0/4) Lair:2          Orc (0/2) D:11
 Bailey (visited)
  Slime: Lair:5-6

Altars:
Ashenzari
Cheibriados
Dithmenos
Elyvilon
Fedhas
Gozag
Hepliaklqana
Kikubaaqudgha
Makhleb
Nemelex Xobeh
Okawaru
Qazlal
Ru
Sif Muna
Trog
Uskayaw
Vehumet
Wu Jian
Xom
Yredelemnul
Zin
The Shining One
Beogh
Lugonu

Shops:
D:6 (

Annotations:
D:5 exclusion: statue


Innate Abilities, Weirdness & Mutations

You reflexively headbutt those who attack you in melee.
You have a pair of horns on your head.


Message History

The four-headed hydra bites you.
* * * LOW HITPOINT WARNING * * *
The four-headed hydra bites you!
* * * LOW HITPOINT WARNING * * *
The four-headed hydra bites you but does no damage.
The crocodile bites you.
The basilisk bites you but does no damage.
The spiny frog stings you but does no damage.
The komodo dragon bites you but does no damage.
The polar bear bites you but does no damage.
The polar bear claws you but does no damage. x2
The four-headed hydra bites you but does no damage. x3
The four-headed hydra bites you. The crocodile bites you.
* * * LOW HITPOINT WARNING * * *
The spiny frog stings you!
* * * LOW HITPOINT WARNING * * *
The basilisk bites you but does no damage.
The komodo dragon bites you but does no damage.
The polar bear bites you!
You die...

.......##..## #...........P#####
..........## ####.........##
.....⌠...######.#..........##
.#.........##..............P#
.####.......##...........PP.#
.#####...⌠..###.###........##
................⌠..#........##
.............#..lD.#.........###
....⌠..⌠.<.⌠...l@h⌠#...........##
...............tF..#..........##.
.............##.⌠.##..........#..
..###....⌠..###..#...............
.##.#......#.....................
.#........##.....................
.+...⌠...##......................
.................................
.......##........................


You could see a four-headed hydra, a polar bear, a komodo dragon, a spiny frog,
a basilisk and a crocodile.

Vanquished Creatures
  Gastronok (D:10)
  The ghost of LohmatiyShmel the Martial Artist, a journeyman GnTm of Cheibriados (Lair:2)
  Erolcha (D:11)
  Fannar (Lair:1)
  3 hydras
  2 two-headed ogres (D:11)
  2 death yaks (Lair:2)
  Pikel (D:6)
  A necromancer (D:10)
  A wolf spider zombie (D:12)
  An orc knight (D:12)
  2 ugly things
  Maurice (D:10)
  Joseph (D:7)
  2 black mambas
  A centaur zombie (D:12)
  Maggie (D:7)
  2 gargoyles (D:11)
  2 torpor snails (Lair:2)
  2 spiny frogs
  2 komodo dragons
  A troll (D:9)
  A hornet (D:11)
  A meliai zombie (D:11)
  12 hippogriffs
  7 yaks
  A vampire (D:10)
  A spriggan (D:7)
  A wraith (D:10)
  2 wyverns (D:10)
  Eustachio (D:4)
  A basilisk (Lair:2)
  Grum (D:11)
  A hungry ghost (D:9)
  A soldier ant (D:10)
  4 swamp worms (Lair:3)
  A floating eye (D:9)
  6 porcupines
  6 water moccasins
  Duvessa (D:7)
  13 orc warriors
  An ice beast (D:9)
  3 sky beasts
  4 slaves (D:6)
  An eye of draining (D:9)
  8 necrophages
  9 ogres
  3 phantoms
  7 wolves
  10 centaurs
  4 crocodiles
  19 bullfrogs
  A gnoll sergeant (D:6)
  Blork the orc (D:4)
  Dowan (D:7)
  A wyvern skeleton (D:9)
  3 scorpions
  5 killer bees (D:12)
  2 wights (D:10)
  7 howler monkeys
  3 electric eels (Lair:4)
  4 crimson imps
  2 jellies
  8 hounds
  12 orc priests
  3 bullfrog skeletons
  7 orc wizards
  2 quasits
  A centaur skeleton (D:9)
  4 iguanas
  Natasha (thrice) (D:4)
  11 worker ants
  3 wolf simulacra (D:10)
  A yak simulacrum (D:10)
  3 polar bear simulacra (D:10)
  A mummy (D:11)
  2 worker ant zombies
  4 gnolls (D:6)
  20 adders
  5 shadow imps
  3 oozes
  5 adder skeletons
  2 worms
  2 dart slugs (D:2)
  5 leopard geckos
  87 orcs
  4 ball pythons
  2 bats
  4 giant cockroaches
  10 goblins
  7 hobgoblins
  18 jackals
  7 kobolds
  6 quokkas
  5 frilled lizards
  A leopard gecko skeleton (D:6)
  2 leopard gecko zombies
  10 rats
  4 river rat simulacra (D:10)
  A spectral orc (D:7)
468 creatures vanquished.

Vanquished Creatures (others)
  An orc (D:11)
  5 bushes (D:12)
  11 plants (D:12)
17 creatures vanquished.

Grand Total: 485 creatures vanquished

Notes
Turn   | Place    | Note
-------+----------+-------------------------------------------
     0 | D:1      | Dirian the Minotaur Fighter began the quest for the Orb.
     0 | D:1      | Reached XP level 1. HP: 19/19 MP: 0/0
   176 | D:1      | Reached XP level 2. HP: 27/27 MP: 1/1
   490 | D:1      | Reached skill level 3 in Long Blades
   800 | D:2      | Found a sparkling altar of Nemelex Xobeh.
   911 | D:2      | Reached XP level 3. HP: 33/33 MP: 2/2
  1348 | D:2      | Reached XP level 4. HP: 40/40 MP: 3/3
  1358 | D:2      | Reached skill level 4 in Long Blades
  1662 | D:3      | Reached XP level 5. HP: 40/46 MP: 4/4
  2053 | D:3      | Found a glowing golden altar of the Shining One.
  2058 | D:3      | Reached skill level 5 in Long Blades
  2059 | D:3      | Found a shimmering altar of Xom.
  2059 | D:3      | Found an ancient bone altar of Kikubaaqudgha.
  2061 | D:3      | Found an iron altar of Okawaru.
  2061 | D:3      | Found a hide-covered altar of Uskayaw.
  2061 | D:3      | Found a sacrificial altar of Ru.
  2565 | D:4      | Found an ornate altar of the Wu Jian Council.
  2611 | D:4      | Noticed Eustachio
  2669 | D:4      | Killed Eustachio
  2669 | D:4      | Reached skill level 5 in Shields
  2669 | D:4      | Reached XP level 6. HP: 20/53 MP: 5/5
  2923 | D:4      | Noticed Natasha
  2944 | D:4      | Killed Natasha
  2944 | D:4      | Reached skill level 6 in Long Blades
  2944 | D:4      | Reached skill level 5 in Armour
  3061 | D:4      | Noticed Natasha
  3067 | D:4      | Killed Natasha
  3073 | D:4      | Noticed Natasha
  3081 | D:4      | Killed Natasha
  3205 | D:4      | Noticed Blork the orc
  3216 | D:4      | Killed Blork the orc
  3216 | D:4      | Reached XP level 7. HP: 49/60 MP: 6/6
  3461 | D:4      | Found a shadowy altar of Dithmenos.
  3466 | D:4      | Reached skill level 7 in Long Blades
  3983 | D:5      | Entered Level 5 of the Dungeon
  4208 | D:5      | Found a staircase to the Ecumenical Temple.
  4293 | D:5      | Reached skill level 8 in Long Blades
  4313 | D:5      | Found a radiant altar of Vehumet.
  4328 | D:5      | Reached skill level 5 in Fighting
  4476 | D:5      | Found a shimmering altar of Xom.
  4565 | D:5      | Reached XP level 8. HP: 65/68 MP: 7/7
  4603 | D:5      | Found an iron altar of Okawaru.
  4708 | Temple   | Entered the Ecumenical Temple
  4749 | Temple   | Became a worshipper of Zin the Law-Giver
  4749 | Temple   | Reached * piety under Zin
  4827 | D:6      | Found a bloodstained altar of Trog.
  4888 | D:6      | Found Mecetz's Antique Weapon Shoppe.
  4982 | D:6      | Reached skill level 9 in Long Blades
  5006 | D:6      | Noticed Pikel
  5023 | D:6      | Killed Pikel
  5155 | D:6      | Reached skill level 10 in Long Blades
  5225 | D:6      | Reached XP level 9. HP: 28/74 MP: 9/9
  6156 | D:6      | Reached skill level 11 in Long Blades
  6351 | D:6      | Found a burning altar of Makhleb.
  6431 | D:7      | Found a basalt altar of Yredelemnul.
  6479 | D:7      | Noticed Duvessa
  6480 | D:7      | Noticed Maggie
  6480 | D:7      | Noticed Dowan
  6494 | D:7      | Killed Duvessa
  6504 | D:7      | Killed Maggie
  6511 | D:7      | Killed Dowan
  6895 | D:7      | Reached ** piety under Zin
  6970 | D:7      | Found a stormy altar of Qazlal.
  7044 | D:7      | Noticed Joseph
  7061 | D:7      | Killed Joseph
  7320 | D:7      | Reached skill level 12 in Long Blades
  7331 | D:7      | Found a sacrificial altar of Ru.
  7370 | D:7      | Found an ancient bone altar of Kikubaaqudgha.
  7558 | D:8      | Reached XP level 10. HP: 81/84 MP: 10/12
  7972 | D:8      | Reached *** piety under Zin
  8698 | D:9      | Reached skill level 13 in Long Blades
  8741 | D:9      | Found a flagged portal.
  8757 | Bailey   | Entered a bailey
  9117 | Bailey   | Noticed an orc knight
  9117 | Bailey   | Noticed an orc knight
  9347 | Bailey   | Identified the cursed +0 tower shield of Conscience {Dex+5}
  9720 | D:9      | Found a hide-covered altar of Uskayaw.
  9735 | D:9      | Reached **** piety under Zin
  9812 | D:9      | Reached skill level 5 in Invocations
  9977 | D:9      | Paralysed by a floating eye for 2 turns
 10517 | D:9      | Found a glowing golden altar of the Shining One.
 10632 | D:10     | Entered Level 10 of the Dungeon
 10664 | D:10     | Noticed a necromancer
 10679 | D:10     | Killed a necromancer
 10679 | D:10     | Reached skill level 14 in Long Blades
 10679 | D:10     | Reached XP level 11. HP: 89/93 MP: 14/14
 10951 | D:10     | Found a staircase to the Lair.
 11031 | D:10     | Noticed Maurice
 11037 | D:10     | Killed Maurice
 11092 | D:10     | Reached ***** piety under Zin
 12037 | D:11     | Noticed an eight-headed hydra
 12043 | D:11     | Killed a five-headed hydra
 12195 | D:11     | Noticed Gastronok
 12229 | D:10     | Killed Gastronok
 12229 | D:10     | Reached skill level 15 in Long Blades
 12529 | D:11     | Noticed a two-headed ogre
 12540 | D:11     | Killed a two-headed ogre
 12599 | D:11     | Noticed Grum
 12604 | D:11     | Killed Grum
 12908 | D:11     | Noticed a purple ugly thing
 12934 | D:10     | Killed a purple ugly thing
 13262 | D:10     | Reached skill level 10 in Fighting
 13264 | D:10     | Reached XP level 12. HP: 106/106 MP: 17/17
 13287 | D:11     | Noticed Erolcha
 13394 | D:11     | Killed Erolcha
 13394 | D:11     | Noticed a two-headed ogre
 13403 | D:11     | Killed a two-headed ogre
 13558 | D:11     | Found a white marble altar of Elyvilon.
 13653 | D:11     | Found a staircase to the Orcish Mines.
 13908 | D:12     | Reached ****** piety under Zin
 14099 | D:12     | Found a roughly hewn altar of Beogh.
 14504 | D:12     | Found a blossoming altar of Fedhas.
 14874 | D:12     | Reached skill level 10 in Invocations
 15276 | Lair:1   | Entered Level 1 of the Lair of Beasts
 15525 | Lair:1   | Noticed a six-headed hydra
 15537 | Lair:1   | Killed a one-headed hydra
 15890 | Lair:1   | Noticed Fannar
 15901 | Lair:1   | Killed Fannar
 16197 | Lair:2   | Noticed a death yak
 16197 | Lair:2   | Noticed a death yak
 16217 | Lair:2   | Killed a death yak
 16234 | Lair:2   | Reached skill level 16 in Long Blades
 16403 | Lair:2   | Found a runed translucent door.
 16403 | Lair:2   | Noticed LohmatiyShmel's ghost (journeyman GnTm)
 16831 | Lair:2   | Found a hole to the Spider Nest.
 17148 | Lair:2   | Killed LohmatiyShmel's ghost
 17148 | Lair:2   | Reached XP level 13. HP: 93/116 MP: 20/20
 17440 | Lair:3   | Found a staircase to the Swamp.
 19091 | Lair:4   | HP: 5/116 [spiny frog (5)]
 19091 | Lair:4   | Slain by a polar bear

Illustrated notes

Levels and vault maps discovered:
D:1:      zaba_arrival_water, layout_loops_ring, chequers_serial_rivers_small_3
D:2:      layout_loops_cross, nemelex_xobeh_ov_fountains_minmay,
          guppyfry_early_orc_mine
D:3:      layout_rooms, doesnt_xom_only_xom
D:4:      layout_basic, nicolae_overflow_crystal_walls, lemuel_crystal_altar,
          minmay_hedge_maze, uniq_natasha, uniq_eustachio, uniq_blork_the_orc
D:5:      layout_basic, okawaru_metal_pillars_1_2, vehumet_statue,
          kennysheep_mini_moat, minmay_temple_entry_antechambers, first_ration,
          feat_on_display
D:6:      minmay_recursive_quarters, layout_basic, lemuel_crystal_altar,
          kennysheep_mini, serial_shops, shop, uniq_pikel
D:7:      layout_basic, nicolae_ru_the_path_less_chosen, kennysheep_little_box,
          yredelemnul_forgotten_temple_becter, basic_altar, the_bakery,
          uniq_maggie, uniq_duvessa, uniq_joseph
D:8:      layout_loops_ring
D:9:      layout_loops_ring, lemuel_doored_altar, lemuel_round_altar,
          enter_bailey_2, onia_ninara_cookie
D:10:     layout_layer_cave, lair_entry_dummy, eino_house_with_fridge,
          uniq_maurice
D:11:     layout_irregular_city, david_orc_3, serial_undead, serial_undead_a,
          serial_undead_f, serial_undead_c, serial_undead_b, st_stairs_7,
          elyvilon_altar_5, uniq_gastronok, uniq_erolcha, uniq_grum
D:12:     layout_loops_ring, special_room [special_room_orc],
          fedhas_altar_decomposition
Temple:   corrupted_temple
Lair:1:   layout_regular_city, serial_bayou_pond_e, uniq_fannar
Lair:2:   layout_cave_pods, dummy_spider_entry, ebering_ghost_inner_flame
Lair:3:   layout_cave_shapes, minmay_swamp_entry_worms
Lair:4:   layout_hall_layers, serial_bayou_shore_b, grunt_megastairs_3,
          serial_bayou_shore_a
Lair:5:   minmay_guarded_unrand_snakebite, layout_cave_pods, slime_altar_1,
          grunt_megastairs_1

Skill      XL: |  1  2  3  4  5  6  7  8  9 10 11 12 13 |
---------------+----------------------------------------+-----
Shields        | 4 5 6 7 8 9 |  9.9
Long Blades    | 3 4 5 6 8 10 12 14 15 16 | 16.0
Armour         | 4 5 6 7 8 9 |  9.5
Fighting       | 4 5 6 7 10 11 | 11.9
Invocations    | 2 4 6 8 10 11 | 11.1

Action                   |  1- 3 |  4- 6 |  7- 9 | 10-12 | 13-15 || total
-------------------------+-------+-------+-------+-------+-------++-------
Melee: Long sword        |    88 |   202 |   372 |   857 |   130 ||  1649
       Headbutt          |    16 |    31 |    85 |   213 |    36 ||   381
Invok: Recite            |       |       |     2 |    26 |       ||    28
       Vitalisation      |       |       |       |     3 |     1 ||     4
Evoke: Wand              |       |       |       |     1 |       ||     1
  Use: Scroll            |       |     8 |    10 |    10 |       ||    28
       Potion            |       |     1 |     2 |     3 |       ||     6
 Stab: Invisible         |       |       |     3 |     8 |       ||    11
       Confused          |       |       |       |     3 |       ||     3
       Paralysed         |       |       |       |    12 |       ||    12
  Eat: Chunk             |     2 |     6 |     7 |    17 |     5 ||    37
       Ration            |       |       |     2 |     5 |     1 ||     8
Armor: Scale mail        |    42 |    46 |       |       |       ||    88
       Chain mail        |       |    80 |   119 |    71 |       ||   270
       Fire dragon scale |       |       |       |   252 |   115 ||   367
Dodge: Dodged            |    29 |    61 |    84 |   221 |    20 ||   415
Block: Kite shield       |    50 |   110 |   166 |   582 |    83 ||   991
       Reflection        |       |       |       |    17 |     4 ||    21
       Rpst.: Long sword |     9 |    13 |    24 |    46 |     1 ||    93
